 Dungeon Crawl Stone Soup version 0.21-a0-163-g3aa3f5d (webtiles) character file.

16 TabTabO the Slasher (level 2, -1/22 HPs)
             Began as a Demonspawn Gladiator on Aug 5, 2017.
             Slain by a frilled lizard (3 damage)
             ... on level 1 of the Dungeon.
             The game lasted 00:00:31 (356 turns).

TabTabO the Slasher (Demonspawn Gladiator)           Turns: 356, Time: 00:00:32

Health: -1/22      AC:  3    Str: 14    XL:     2   Next: 41%
Magic:  2/2        EV: 12    Int:  9    God:
Gold:   47         SH:  0    Dex: 14    Spells: 1/1 levels left

rFire    . . .     SeeInvis .   a - +0 long sword
rCold    . . .     Gourm    .   (no shield)
rNeg     . . .     Faith    .   b - +0 leather armour
rPois    .         Spirit   .   (helmet restricted)
rElec    .         Reflect  .   (no cloak)
rCorr    .         Harm     .   (no gloves)
MR       .....                  (no boots)
Stlth    +.........             (no amulet)
HPRegen  0.07/turn              (no ring)
MPRegen  0.08/turn              (no ring)

@: no status effects
A: horns 1
a: no special abilities


You were on level 1 of the Dungeon.
You were not hungry.

You visited 1 branch of the dungeon, and saw 1 of its levels.

You collected 47 gold pieces.

Inventory:

Hand Weapons
 a - a +0 long sword (weapon)
Missiles
 d - 3 throwing nets (quivered)
Armour
 b - a +0 leather armour (worn)
 c - a +0 helmet
Scrolls
 g - a scroll of teleportation {unknown}
Potions
 e - a potion of brilliance {unknown}
Comestibles
 f - a bread ration


   Skills:
 + Level 2.1 Fighting
 + Level 3.1 Long Blades
 + Level 1.8 Throwing
 + Level 0.3 Armour
 + Level 2.8 Dodging


You had one spell level left.
You didn't know any spells.

Dungeon Overview and Level Annotations

Branches:
Dungeon (1/15)

Altars:


Innate Abilities, Weirdness & Mutations

You have a pair of small horns on your head.


Message History

A frilled lizard comes into view.
The hobgoblin hits you.
* * * LOW HITPOINT WARNING * * *
The hobgoblin closely misses you.
You riposte.
You slash the hobgoblin!
You kill the hobgoblin!
The frilled lizard bites you.
* * * LOW HITPOINT WARNING * * *
The frilled lizard bites you.
* * * LOW HITPOINT WARNING * * *
The frilled lizard bites you but does no damage.
The frilled lizard misses you.
You riposte.
You closely miss the frilled lizard.
Your headbutt misses the frilled lizard.
The frilled lizard bites you but does no damage.
The frilled lizard bites you but does no damage.
The frilled lizard barely misses you.
You riposte.
You barely miss the frilled lizard. The frilled lizard closely misses you.
The frilled lizard bites you.
You die...

..######...#######
...........#
...........#
...........#
...........#
...........#
........#########
.......(.........
....###..@)......
+### #..l†......
#.......##.
#......#.#
#......# ..
#$...... 8
#####..## ..#


You could see a frilled lizard.

Vanquished Creatures
  A bat (D:1)
  A giant cockroach (D:1)
  3 goblins (D:1)
  A hobgoblin (D:1)
  4 kobolds (D:1)
  2 frilled lizards (D:1)
  3 rats (D:1)
15 creatures vanquished.

Notes
Turn   | Place    | Note
-------+----------+-------------------------------------------
     0 | D:1      | TabTabO the Demonspawn Gladiator began the quest for the Orb.
     0 | D:1      | Reached XP level 1. HP: 16/16 MP: 1/1
     2 | D:1      | Noticed an elf
     4 | D:1      | Noticed a gargoyle
     6 | D:1      | Noticed a vine stalker
     6 | D:1      | Noticed a tengu
     8 | D:1      | Noticed a vampire
    11 | D:1      | Noticed a ghoul
    11 | D:1      | Noticed a troll
    13 | D:1      | Noticed a naga
    13 | D:1      | Noticed a merfolk
    15 | D:1      | Noticed a demigod
    15 | D:1      | Noticed a formicid
    17 | D:1      | Noticed a centaur
    17 | D:1      | Noticed a dwarf
    19 | D:1      | Noticed a minotaur
    21 | D:1      | Noticed a draconian
    21 | D:1      | Noticed a felid
    23 | D:1      | Noticed an ogre
    23 | D:1      | Noticed a halfling
    25 | D:1      | Noticed a demonspawn
    25 | D:1      | Noticed a human
    27 | D:1      | Noticed a spriggan
    27 | D:1      | Noticed an octopode
   174 | D:1      | Reached skill level 3 in Long Blades
   212 | D:1      | Gained mutation: You have a pair of small horns on your head. [demonic ancestry]
   212 | D:1      | Reached XP level 2. HP: 19/22 MP: 2/2
   349 | D:1      | HP: 1/22 [frilled lizard (1)]
   356 | D:1      | Slain by a frilled lizard

Vault maps used:
D:1:      kb_arrival_jail, minmay_heptomino_d4

Skill      XL: |  1 |
---------------+----+-----
Long Blades    | 3 |  3.1
Fighting       | |  2.1
Throwing       | |  1.8
Armour         | |  0.3
Dodging        | |  2.8

Action                   || total
-------------------------++-------
Melee: Long sword        ||    25
       Headbutt          ||     2
 Stab: Sleeping          ||     1
Armor: Leather armour    ||    21
Dodge: Dodged            ||    41
       Rpst.: Long sword ||    16
